Unix NetHack Version 5.0.0-0 post-release - last build Jun 10 2026 00:39:30 (3ee93aec679c4c4259841fe613dc97188e26a321,branch:main).

Game began 2026-06-15 15:23:56, ended 2026-06-15 15:44:36.

LDaviesPeters, neutral female human Archeologist

                                                               ------------
                                     -------###################.....|.....|
     ----------      ------          |...*.|*                  |....|.....|
     |......>.|      |..f@|          |.....|###################.....|..---|
     |...(....|      |....|#         |).....#                  |....|..|..|
     |........|      |<....##########---|---#              #)[#.....|..|..|
     |........|      |....|#        ######`##                  |....|..-.--
     -----.----      --|---           ##### ##                 |....|.....|
          #            #              #   #  #                 |....----.-|
          #            #                   ###              ###-..........|
          #            #                    ##              #  ---|--------
          #          ###                 ####################    ##
          ##        ##                       #      ######       #
          -.--------|---                                        ##
          |............|                                 ----|--|--
          |.....`....^..#######################        ##-........|
          |............|                      #        ##|........|
          --------------                      #        ##|.......p|
                                              ########## ----------

LDaviesPeters the Field Worker  St:17 Dx:13 Co:12 In:15 Wi:14 Ch:9  Neutral
Dlvl:5  $:0  HP:0(33) Pw:16(16) AC:5  Xp:4 T:2372  Stun

Latest messages:
 You destroy the manes!
 What do you want to call? [ACD or ?*] ?
 Call a gray stone: Gray-1
 What do you want to drop? [a-dfglmrswyA-D or ?*] ?
 You drop a stone called Gray-1.
 In what direction? 1
 The door closes.
 You lash the homunculus!
 The homunculus bites!
 You miss the homunculus.
 The homunculus misses!
 You miss the homunculus.
 The homunculus misses!
 You lash the homunculus!
 The homunculus bites!
 You lash the homunculus.
 The homunculus bites!
 You kill the homunculus!
 You have a little trouble lifting a spherical amulet.  Continue? [ynq] (q) y
 You have a little trouble lifting E - a spherical amulet.
 Your movements are slowed slightly because of your load.
 What do you want to drop? [a-dfglmrswyA-CE or ?*] ?
 You drop 2 crude daggers.
 Your movements are now unencumbered.
 You lash the iguana.
 You miss the iguana.
 The iguana bites!
 You miss the iguana.
 You lash the iguana!
 You kill the iguana!
 You see here a leather cloak.
 The door opens.
 The door opens.
 KABOOM!!  The door was booby-trapped!
 You stagger...
 Pick a monster, object or location.
 f        a cat or other feline (kitten)
 The kitten bites!
 The kitten bites!
 The kitten bites!
 The kitten bites!
 The kitten bites!
 The kitten bites!
 The kitten bites!
 The kitten bites!
 The kitten bites!
 The kitten misses!
 The kitten bites!
 You die...
 Do you want your possessions identified? [ynq] (y) q

Inventory:
 Amulets  ('"')
  E - a blessed amulet of life saving
 Weapons  (')')
  m - 11 +0 darts
  a - a +2 bullwhip (weapon in right hand)
 Armor    ('[')
  c - an uncursed +0 fedora (being worn)
  C - an uncursed +0 orcish helm
  y - an uncursed +0 elven mithril-coat (being worn)
 Comestibles  ('%')
  r - an uncursed carrot
  d - 6 uncursed food rations
 Scrolls  ('?')
  w - an uncursed scroll of teleportation
 Wands    ('/')
  s - a wand of light (0:14)
 Tools    ('(')
  b - an uncursed sack containing 7 items
  l - an uncursed oil lamp
  A - an uncursed tin whistle
  f - a tinning kit (0:59)
 Gems/Stones  ('*')
  g - an uncursed touchstone

Contents of the sack:
  115 gold pieces
  a cursed potion of gain level
  3 uncursed potions of healing
  a cursed potion of healing
  an uncursed potion of oil
  a cursed potion of oil
  a +0 pick-axe

LDaviesPeters the Archeologist's attributes:

Background:
 You were a Field Worker, a level 4 female human Archeologist.
 You were neutral, on a mission for Camaxtli
 who was opposed by Quetzalcoatl (lawful) and Huhetotl (chaotic).
 You were right-handed.
 You were in the Dungeons of Doom, on level 5.
 You entered the dungeon 2372 turns ago.
 There was a new moon in effect when your adventure ended.
 You had 115 experience points, 45 more were needed to attain level 5.

Basics:
 You had 0 out of 33 hit points.
 You had all 16 energy points (spell power).
 Your armor class was 5.
 Your wallet was empty, but
 you had 115 zorkmids stashed away in your pack.
 Autopickup was off.

Final Characteristics:
 Your strength was 17 (limit:18/100).
 Your dexterity was 13 (limit:18).
 Your constitution was 12 (limit:18).
 Your intelligence was 15 (limit:18).
 Your wisdom was 14 (limit:18).
 Your charisma was 9 (limit:18).

Final Status:
 You were stunned.
 You weren't hungry.
 You were unencumbered.
 You were wielding a whip.
 You had basic skill with whip.

Final Attributes:
 You were piously aligned.
 You had automatic searching.
 You were guarded.
 You were lucky.
 You are dead.

Miscellaneous:
 You didn't encounter any bones levels.
 Total elapsed playing time was 20 minutes and 40 seconds.

Major events:
 Turn
    1: LDaviesPeters the neutral female human Archeologist entered the dungeon
 1012: attained the rank of Field Worker (level 3)
 1595: entered the Gnomish Mines
 2372: killed by a kitten

You didn't know any spells.

Skills:
 Fighting Skills
   bare handed combat [Unskilled]
   two weapon combat  [Unskilled]
   riding             [Unskilled]
 Weapon Skills
   dagger             [Unskilled]
   knife              [Unskilled]
   pick-axe           [Basic]
   short sword        [Unskilled]
   saber              [Unskilled]
   club               [Unskilled]
   quarterstaff       [Unskilled]
   sling              [Unskilled]
   dart               [Unskilled]
   boomerang          [Unskilled]
   whip               [Basic]
   unicorn horn       [Unskilled]
 Spellcasting Skills
   attack spells      [Unskilled]
   healing spells     [Unskilled]
   divination spells  [Unskilled]
   matter spells      [Unskilled]

Voluntary challenges:
 Character rerolling was not enabled.
 You never genocided any monsters.
 You never polymorphed an object.
 You never changed form.
 You used no wishes.
Achievements:
 You entered a shop.
 You attained the rank of Field Worker.
 You entered the Gnomish Mines.

 The Dungeons of Doom: levels 1 to 6
    Level 1:
    Level 2:
       A general store, an altar to Camaxtli.
    Level 3:
       Some fountains.
    Level 4:
       An altar to Camaxtli, a fountain.
       Stairs down to The Gnomish Mines.
    Level 5: <- You were here.
       Final resting place for
          you, killed by a kitten.
    Level 6:
       A fountain.
 The Gnomish Mines:
    Level 5:


Vanquished creatures:
  a homunculus
  2 rothes
  3 iguanas
  a coyote
  a gas spore
  2 hobbits
  a manes
  a hobgoblin
  2 giant rats
  a yellow mold
  a gecko
  5 jackals
  a kobold
  a goblin
  4 grid bugs
  a bat
  2 lichens
  6 newts
36 creatures vanquished.

No species were genocided or became extinct.

Game over:
                       ----------
                      /          \
                     /    REST    \
                    /      IN      \
                   /     PEACE      \
                  /                  \
                  |  LDaviesPeters   |
                  |      115 Au      |
                  |   killed by a    |
                  |      kitten      |
                  |                  |
                  |                  |
                  |       2026       |
                 *|     *  *  *      | *
        _________)/\\_//(\/(/\)/\//\/|_)_______

Goodbye LDaviesPeters the Archeologist...

You died in The Dungeons of Doom on dungeon level 5 with 824 points,
and 115 pieces of gold, after 2372 moves.
You were level 4 with a maximum of 33 hit points when you died.

